 Dungeon Crawl Stone Soup version 0.29.1-2-gbd0b4ee654 (webtiles) character file.

Game seed: 16880594598742796409

18 BreadTh the Insei (level 2, -1/34 HPs)
             Began as a Gnoll Transmuter on Oct 28, 2022.
             Slain by a hobgoblin (2 damage)
             ... on level 1 of the Dungeon.
             The game lasted 00:04:00 (1060 turns).

BreadTh the Insei (Gnoll Transmuter)                Turns: 1060, Time: 00:04:00

Health: -1/34      AC: 21    Str:  9    XL:     2   Next: 70%
Magic:  7/7        EV:  2    Int: 12    God:
Gold:   38         SH:  0    Dex: 12    Spells: 9/10 levels left

rFire   . . .      SeeInvis .   j - +0 long sword
rCold   . . .      Faith    .   (no shield)
rNeg    . . .      Spirit   .   (body armour currently unavailable)
rPois   +          Reflect  .   (helmet currently unavailable)
rElec   .          Harm     .   (cloak currently unavailable)
rCorr   .          Rampage  .   (gloves currently unavailable)
Will    .....      NoTele   +   (boots currently unavailable)
Stlth   +.........              (no amulet)
HPRegen 0.11/turn               (no ring)
MPRegen 0.10/turn               (no ring)

@: tree-form
A: stationary, stasis, torment immunity, boosted hp, (fangs 1), strong nose,
distributed training
a: no special abilities


You were on level 1 of the Dungeon.
You were a tree.
You visited 1 branch of the dungeon, and saw 2 of its levels.

You collected 38 gold pieces.

Inventory:

Hand Weapons
 c - a +0 club
 d - a +0 mace
 j - a +0 long sword (weapon)
Missiles
 g - 6 javelins
Armour
 a - a +0 robe
 e - a +0 helmet (melded)
 k - a +0 leather armour (melded)
Scrolls
 f - a scroll of brand weapon {unknown}
 l - 2 scrolls of identify {unknown}
Potions
 b - 2 potions of lignification
 h - a potion of heal wounds {unknown}
 i - a potion of attraction {unknown}
 m - a potion of haste {unknown}


   Skills:
 + Level 2.5 Fighting
 + Level 0.5 Short Blades
 + Level 0.5 Long Blades
 + Level 0.5 Axes
 + Level 0.5 Maces & Flails
 + Level 0.5 Polearms
 + Level 0.5 Staves
 + Level 0.5 Ranged Weapons
 + Level 0.5 Throwing
 + Level 0.5 Armour
 + Level 4.5 Dodging
 + Level 0.5 Stealth
 + Level 0.5 Shields
 + Level 6.5 Unarmed Combat
 + Level 4.9 Spellcasting
 + Level 0.3 Conjurations
 + Level 0.3 Hexes
 + Level 0.3 Summonings
 + Level 0.3 Necromancy
 + Level 0.3 Translocations
 + Level 3.7 Transmutations
 + Level 0.3 Fire Magic
 + Level 0.3 Ice Magic
 + Level 0.3 Air Magic
 + Level 0.3 Earth Magic
 + Level 0.3 Poison Magic
 + Level 0.6 Invocations
 + Level 0.5 Evocations


You had 9 spell levels left.
You knew the following spells:

 Your Spells              Type           Power      Damage    Failure   Level
a - Beastly Appendage     Tmut           22%        N/A       4%          1

Your spell library contained the following spells:

 Spells                   Type           Power      Damage    Failure   Level
 Wereblood                Tmut           11%        N/A       7%          2
 Spider Form              Tmut/Pois      7%         N/A       26%         3
 Ice Form                 Ice/Tmut       7%         N/A       65%         4


Dungeon Overview and Level Annotations

Branches:
Dungeon (2/15)

Altars:


Innate Abilities, Weirdness & Mutations

You are a tree.
Your roots penetrate the ground, keeping you stationary.
You cannot be teleported.
You are immune to unholy pain and torment.
Your maximum health is greatly increased.
Your equipment is partially melded.
((You have very sharp teeth.))
Your uncanny sense of smell can sniff out nearby items.
Your experience applies equally to all skills.


Message History

* * * LOW HITPOINT WARNING * * *
You feel sick.
There is a stone staircase leading up here.
* * * LOW HITPOINT WARNING * * *
You feel sick. The adder bites you but does no damage.
The adder barely misses you. The hobgoblin misses you.
You climb upwards.
* * * LOW HITPOINT WARNING * * *
You feel sick.
There is a stone staircase leading down here.
Really quaff the potion of lignification? [Y]es or [N]o only, please.
Really quaff the potion of lignification?
You turn into a tree.
Your +0 helmet melds into your body.
Your +0 leather armour melds into your body.
Your roots penetrate the ground.
* * * LOW HITPOINT WARNING * * *
You feel sick. The adder bites you but does no damage.
The hobgoblin hits you but does no damage.
You miss the adder.
* * * LOW HITPOINT WARNING * * *
You feel sick.
You are no longer poisoned.
The adder bites you but does no damage. The hobgoblin barely misses you.
The adder bites you but does no damage.
You miss the adder. The adder bites you but does no damage.
The hobgoblin barely misses you. The adder bites you but does no damage.
Unknown command.
You closely miss the adder. The hobgoblin barely misses you.
The adder bites you but does no damage.
The hobgoblin hits you but does no damage.
Unknown command.
You closely miss the adder. The adder bites you but does no damage.
The adder barely misses you.
The hobgoblin hits you but does no damage.
You barely miss the adder. The adder bites you but does no damage.
The hobgoblin hits you.
* * * LOW HITPOINT WARNING * * *
The adder bites you but does no damage. The hobgoblin hits you.
You die...

....#########....................
###........##....................
...####................######....
##...###...#.....##..............
###...#........................#
###...................[......#
###...............)........#
##..........................#
#..........S♣...............#
#..........g................+
#...........................#
##..............####.....####
##..............####.....####
#.(.........................#
#....#........#.............#
#....#...###..#.............#
#....#........#.............#


You could see an adder and a hobgoblin.

Vanquished Creatures
  3 bats (D:1)
  2 endoplasms (D:1)
  A giant cockroach (D:1)
  4 goblins (D:1)
  A hobgoblin (D:1)
  A kobold (D:1)
  A quokka (D:1)
  4 rats (D:1)
17 creatures vanquished.

Notes
Turn   | Place    | Note
-------+----------+-------------------------------------------
     0 | D:1      | BreadTh the Gnoll Transmuter began the quest for the Orb.
     0 | D:1      | Reached XP level 1. HP: 17/17 MP: 6/6
   187 | D:1      | Reached XP level 2. HP: 23/23 MP: 5/7
   662 | D:1      | Found a faded altar of an unknown god.
  1056 | D:1      | HP: 1/34 [poisoned by an adder]
  1060 | D:1      | Slain by a hobgoblin

Illustrated notes

Levels and vault maps discovered:
D:1:      dpeg_arrival_subterranean_lakeside_camping, layout_basic,
          dreamdust_ecumenical_altar_grove
D:2:      layout_rooms, chequers_serial_rivers_large_a, uniq_jessica,
          uniq_natasha

Action                   || total
-------------------------++-------
Melee: Club              ||     9
       Mace              ||    20
       Unarmed           ||     4
       Kick              ||     2
       Bite              ||     2
       Punch             ||     1
       Long sword        ||    14
 Cast: Beastly Appendage ||     3
  Use: Potion            ||     1
 Stab: Sleeping          ||     1
Armor: Robe              ||     7
       Skin              ||    12
       Leather armour    ||     2
Dodge: Dodged            ||    54
